 Dungeon Crawl Stone Soup version 0.18-a0-514-ga7d9996 (webtiles) character file.

98 MrRokkomies the Sneak (level 4, 0/21 HPs)
             Began as a Vine Stalker Enchanter on Dec 3, 2015.
             Slain by Natasha (4 damage)
             ... on level 2 of the Dungeon.
             The game lasted 00:04:34 (1786 turns).

MrRokkomies the Sneak (Vine Stalker Enchanter)      Turns: 1786, Time: 00:04:35

Health: 0/21       AC:  3    Str: 11    XL:     4   Next: 69%
Magic:  0/8        EV: 12    Int: 16    God:
Gold:   142        SH:  0    Dex: 14    Spells: 3 memorised, 1 level left

rFire  . . .     SeeInvis .     a - +1 dagger
rCold  . . .     Clarity  .     b - +1 robe
rNeg   . . .     SustAt   .     (no shield)
rPois  .         Gourm    .     (no helmet)
rElec  .         Spirit   +     (no cloak)
rCorr  .         Dismiss  .     (no gloves)
rMut   .         Stasis   .     (no boots)
MR     .....                    (no amulet)
Stlth  +++.......               (no ring)
                                (no ring)

@: about to teleport, slowed, very slow, not resistant to hostile enchantments,
fairly stealthy
A: fangs 2, regeneration 1, magic shield, antimagic bite, no device heal 3, rot
immunity
a: no special abilities


You were on level 2 of the Dungeon.
You were hungry.

You visited 1 branch of the dungeon, and saw 2 of its levels.

You collected 142 gold pieces.

Inventory:

Hand Weapons
 a - a +1 dagger (weapon)
Missiles
 l - 5 needles of slowing
Armour
 b - a +1 robe (worn)
Jewellery
 i - an uncursed ring of fire
Scrolls
 m - a scroll of recharging {unknown}
 s - a scroll of enchant weapon {unknown}
 t - a scroll of identify {unknown}
Potions
 e - a potion of haste {unknown}
 g - 3 potions of heal wounds {unknown}
 j - a potion of cancellation {unknown}
 k - 3 potions of curing {unknown}
 n - a potion of invisibility {unknown}
 o - a potion of cure mutation {unknown}
 q - a potion of flight {unknown}
Books
 c - a book of Maledictions

   Spells                             Type                      Level
   a - Corona                         Hexes                        1
   b - Ensorcelled Hibernation        Hexes/Ice                    2
   c - Confuse                        Hexes                        3
   d - Tukima's Dance                 Hexes                        3
   e - Dazzling Spray                 Conjuration/Hexes            3
 p - a book of the Warp

   Spells                             Type                      Level
   a - Recall                         Summoning/Translocation      3
   b - Gell's Gravitas                Hexes/Translocation          3
   c - Force Lance                    Conjuration/Translocation    4
   d - Phase Shift                    Translocation                5
   e - Warp Weapon                    Charms/Translocation         5
   f - Summon Forest                  Summoning/Translocation      5
Comestibles
 d - 2 bread rations
 f - a beef jerky


   Skills:
 * Level 1.4 Short Blades
 - Level 1.5 Dodging
 - Level 5.1 Stealth
 - Level 2.1 Spellcasting
 * Level 4.2 Hexes


You had one spell level left.
You knew the following spells:

 Your Spells              Type           Power        Failure   Level  Hunger
a - Corona                Hex            ###....      4%          1    #......
b - Ensorcelled Hibernat  Hex/Ice        #.....       14%         2    ###....
c - Gell's Gravitas       Hex/Tloc       #.........   28%         3    ###....


Dungeon Overview and Level Annotations

Branches:
Dungeon (2/15)

Altars:

Annotations:
D:2 Natasha


Innate Abilities, Weirdness & Mutations

You have extremely sharp teeth.
Your natural rate of healing is unusually fast.
When hurt, damage is shared between your health and your magic reserves.
Your bite disrupts and absorbs the magic of your enemies.
Potions and wands cannot restore your health.
You are immune to rotting.


Message History

Okay, then.
Read which item? (? for menu, Esc to quit)
Okay, then.
Unknown command.
You hit Natasha but do no damage. You bite Natasha, but do no damage.
Natasha is moderately wounded.
The crimson imp barely misses you. Natasha claws you!
* * * LOW HITPOINT WARNING * * *
The crimson imp barely misses you.
Read which item? (? for menu, Esc to quit)
As you read the scroll of teleportation, it crumbles to dust.
You feel strangely unstable.
Natasha casts a spell.
The crimson imp misses you. Natasha claws you.
* * * LOW HITPOINT WARNING * * *
You hit Natasha but do no damage.
Natasha is moderately wounded.
The crimson imp hits you but does no damage.
Natasha claws you.
You die...

...#
#.##############.#..#
##### #.# #.........#
#...# #.# #.####.#.##
#.#.####.# ...#.#
#.#......# .....#.#
#.########
##########.# #.# #5.
..# #.# #h# ### #.# #
#@# #.#..### #5#
......... #.#
#.####### #.# #...
#.# ##### #.# #.#
################.#
.................#


You could see Natasha and 2 crimson imps.

Vanquished Creatures
  3 gnolls (D:2)
  3 adders (D:2)
  2 oozes (D:1)
  A worm (D:1)
  3 bats (D:1)
  3 giant cockroaches
  2 goblins
  7 hobgoblins
  A ball python (D:1)
  2 giant newts (D:2)
  A kobold (D:2)
  5 rats
33 creatures vanquished.

Notes
Turn   | Place    | Note
--------------------------------------------------------------
     0 | D:1      | MrRokkomies the Vine Stalker Enchanter began the quest for the Orb.
     0 | D:1      | Reached XP level 1. HP: 9/9 MP: 4/4
   214 | D:1      | Reached skill level 4 in Stealth
   223 | D:1      | Reached XP level 2. HP: 13/13 MP: 6/6
   227 | D:1      | Learned a level 2 spell: Ensorcelled Hibernation
   544 | D:1      | Reached XP level 3. HP: 9/16 MP: 3/7
  1003 | D:2      | Reached skill level 5 in Stealth
  1003 | D:2      | Reached XP level 4. HP: 21/21 MP: 3/8
  1037 | D:2      | Reached skill level 1 in Short Blades
  1123 | D:2      | Learned a level 3 spell: Gell's Gravitas
  1772 | D:2      | Noticed Natasha
  1786 | D:2      | Slain by Natasha

Vault maps used:
D:1:      dpeg_arrival_triangle_fractal
D:2:      uniq_natasha

Action                   |  1- 3 |  4- 6 || total
-------------------------+-------+-------++-------
Melee: Dagger            |    78 |    46 ||   124
 Cast: Ensorcelled Hiber |     5 |     6 ||    11
  Use: Scroll            |     3 |     1 ||     4
 Stab: Sleeping          |     6 |     5 ||    11
       Distracted        |     1 |       ||     1
  Eat: Chunk             |       |     3 ||     3
